Map: Newkirk Precinct TE (Void)

Players

Kahsinh

  • Race: Protoss Protoss
  • League: Gold
  • Spawn Location: 7:00

Fropez - Winner!

  • Race: Protoss Protoss
  • League: Gold
  • Spawn Location: 5:00

VOD

Have the link to the VOD?

Description

Time

  • Played on: Jan. 19, 2017, 6:14 p.m.
  • Length: 6:36
Show
View Real Time Build Order
Export as new Build Order

Kahsinh Protoss 

Build Orders: Nexus First 

Get SALT Encoding   

  12  0:03  Probe (Chrono Boost)  
  13  0:16  Pylon  
  13  0:19  Probe (Chrono Boost)  
  14  0:29  Probe (Chrono Boost)  
  15  0:40  Probe (Chrono Boost)  
  16  1:01  Nexus  
  16  1:10  Gateway  
  16  1:14  Probe (Chrono Boost)  
  17  1:21  Assimilator  
  17  1:26  Probe (Chrono Boost)  
  18  1:44  Assimilator  
  18  1:45  Probe (Chrono Boost)  
  19  1:59  Cybernetics Core  
  19  2:03  Gateway  
  19  2:06  Gateway  
  19  2:12  Probe (Chrono Boost)  
  20  2:18  Zealot  
  22  2:23  Probe (Chrono Boost)  
  22  2:28  Probe (Chrono Boost)  
  24  2:38  Pylon  
  24  2:49  Forge  
  24  2:53  Probe (Chrono Boost)  
  24  2:56  Probe (Chrono Boost)  
  25  3:15  Robotics Facility  
  25  3:26  Robotics Facility  
  25  3:37  Pylon, Sentry  
  25  3:38  Sentry  
  25  3:40  Sentry  
  31  3:46  Probe (Chrono Boost)  
  33  3:48  Probe (Chrono Boost)  
  30  4:11  Warp Gate  
  30  4:12  Zealot x2  
  30  4:13  Zealot  
  28  4:29  Probe x2 (Chrono Boost)  
  27  4:39  Probe (Chrono Boost)  
  28  4:48  Probe (Chrono Boost)  
  28  4:52  Probe (Chrono Boost)  
  29  5:12  Probe x2 (Chrono Boost)  
  29  5:13  Immortal  
  35  5:21  Immortal  
  39  5:35  Probe x2 (Chrono Boost)  
  41  5:47  Probe x2 (Chrono Boost)  
Show
View Real Time Build Order
Export as new Build Order

Fropez Protoss - Winner!

Build Orders: 1 Gate Expand 

Get SALT Encoding   

  12  0:01  Probe (Chrono Boost)  
  13  0:11  Probe (Chrono Boost)  
  14  0:23  Pylon, Probe (Chrono Boost)  
  15  0:41  Probe (Chrono Boost)  
  16  0:45  Gateway  
  16  0:52  Probe (Chrono Boost)  
  16  0:53  Assimilator  
  17  1:02  Probe (Chrono Boost)  
  18  1:13  Probe (Chrono Boost)  
  19  1:28  Nexus  
  19  1:39  Cybernetics Core  
  19  1:50  Assimilator  
  19  1:56  Gateway  
  19  1:57  Probe (Chrono Boost)  
  20  2:05  Warp Gate  
  20  2:08  Probe (Chrono Boost)  
  21  2:15  Pylon  
  21  2:19  Adept  
  23  2:26  Pylon  
  24  2:37  Probe (Chrono Boost)  
  24  2:44  Adept  
  24  2:45  Probe (Chrono Boost)  
  24  2:46  Adept  
  29  2:53  Probe (Chrono Boost)  
  31  3:00  Mothership Core (Chrono Boost)  
  31  3:02  Pylon  
  32  3:13  Gateway  
  32  3:15  Probe (Chrono Boost)  
  33  3:20  Probe (Chrono Boost)  
  33  3:26  Twilight Council  
  34  3:29  Probe (Chrono Boost)  
  35  3:36  Probe (Chrono Boost)  
  36  3:43  Assimilator  
  37  3:48  Robotics Facility  
  37  3:49  Probe (Chrono Boost)  
  37  3:51  Probe (Chrono Boost)  
  38  4:01  Probe (Chrono Boost)  
  39  4:20  Adept x3  
  43  4:27  Gateway  
  43  4:28  Probe (Chrono Boost)  
  43  4:29  Probe (Chrono Boost)  
  41  4:43  Warp Prism  
  43  4:46  Adept x3  
  43  4:49  Resonating Glaives  
  49  4:55  Pylon, Probe x2 (Chrono Boost)  
  49  4:57  Pylon  
  45  5:15  Adept x3  
  51  5:23  Observer  
  52  5:33  Forge x2, Probe (Chrono Boost)  
  52  5:34  Probe (Chrono Boost)  
  54  5:38  Adept x3  
  54  5:39  Adept  
  62  6:13  Adept x3  
  62  6:14  Adept  
Tags
 
Add a new tag
Caveats
  • Supply blocks, unpowered buildings, or Contaminate may cause inaccurate times.
  • Supply counts are checked every 10 seconds.